 Seeded DCSS version 0.29-a0-1023-g6ae1a4a2c7 (webtiles) character file.

Game seed: 6155037152212704371 (custom seed)

12161 mathmaestro the Dealer of Despair (level 11, -3/86 HPs)
             Began as a Demonspawn Necromancer on Aug 11, 2022.
             Was an Elder of Kikubaaqudgha.
             Slain by a death yak (4 damage)
             ... on level 11 of the Dungeon.
             The game lasted 00:28:06 (15177 turns).

mathmaestro the Dealer of Despair (DsNe)           Turns: 15177, Time: 00:28:06

Health: -3/86      AC: 13    Str:  9    XL:     11   Next: 58%
Magic:  0/22       EV: 12    Int: 20    God:    Kikubaaqudgha [****..]
Gold:   557        SH:  0    Dex: 12    Spells: 2/25 levels left

rFire   + . .      SeeInvis .   B - +12 quarterstaff of Askesosit {venom, rPois rF+ Dex-2}
rCold   . . .      Faith    .   (shield currently unavailable)
rNeg    . . .      Spirit   +   J - +0 acid dragon scales
rPois   +          Reflect  .   o - +0 helmet
rElec   .          Harm     .   j - +0 cloak
rCorr   +          Rampage  .   D - +0 pair of gloves
Will    .....                   y - +1 pair of boots {Fly}
Stlth   ++........              n - amulet of magic regeneration
HPRegen 0.24/turn               (no ring)
MPRegen 0.76/turn               (no ring)

@: flying
A: magic shield, magic regeneration, sturdy frame 1, weakness stinger 1
a: Renounce Religion, Unearth Wretches


You were on level 11 of the Dungeon.
You worshipped Kikubaaqudgha.
Kikubaaqudgha was greatly pleased with you.
You visited 2 branches of the dungeon, and saw 12 of its levels.

You collected 593 gold pieces.
You spent 36 gold pieces at shops.

Inventory:

Hand Weapons
 a - a +4 hand axe
 s - a +0 dagger of distortion
 B - the +12 quarterstaff of Askesosit (weapon) {venom, rPois rF+ Dex-2}
   (You found it on level 5 of the Dungeon)

   It poisons the flesh of those it strikes.
   Dex:       It affects your dexterity (-2).
   rF:        It protects you from fire.
   rPois:     It protects you from poison.
 H - the +8 dagger of Yqimeser {freeze, Stlth+}
   (You took it off a kobold on level 6 of the Dungeon)

   It freezes those it strikes, dealing additional cold damage.
   It can also slow down cold-blooded creatures.
   Stlth:     It makes you more stealthy.
Missiles
 w - 2 throwing nets
 A - 2 silver boomerangs
 G - 5 boomerangs
Armour
 d - a +0 buckler
 j - a +0 cloak (worn)
 o - a +0 helmet (worn)
 y - a +1 pair of boots of flying (worn)
 D - a +0 pair of gloves (worn)
 J - +0 acid dragon scales (worn)
 K - a +0 leather armour of willpower
Jewellery
 n - an amulet of magic regeneration (around neck)
Wands
 k - a wand of flame (11)
 u - a wand of polymorph (3)
 C - a wand of mindburst (15)
Scrolls
 c - a scroll of silence
 e - a scroll of blinking
 g - a scroll of poison
 l - a scroll of teleportation
 m - a scroll of magic mapping
 q - 3 scrolls of amnesia
 x - a scroll of fear
 I - a scroll of enchant armour
 L - a scroll of immolation {unknown}
Potions
 b - 2 potions of magic
 f - 2 potions of heal wounds {unknown}
 h - 2 potions of degeneration {unknown}
 i - a potion of attraction {unknown}
 p - 3 potions of haste
 r - 2 potions of brilliance {unknown}
 t - 3 potions of curing
 v - 2 potions of berserk rage {unknown}
 z - 2 potions of mutation {unknown}
 E - 2 potions of might {unknown}
 F - 2 potions of resistance {unknown}


   Skills:
 + Level 7.8 Fighting
 - Level 6.1 Armour
 + Level 3.0 Dodging
 + Level 3.3 Stealth
 - Level 5.0 Shields
 + Level 7.5 Spellcasting
 - Level 5.0 Hexes
 + Level 9.8 Necromancy
 + Level 2.3 Earth Magic
 + Level 5.6 Evocations


You had 2 spell levels left.
You knew the following spells:

 Your Spells              Type           Power      Damage    Failure   Level
a - Necrotise             Necr           100%       1d9       1%          1
b - Vampiric Draining     Necr           46%        2d9       1%          3
c - Animate Dead          Necr           46%        N/A       1%          4
d - Sublimation of Blood  Necr           46%        N/A       1%          2
e - Anguish               Hex/Necr       18%        N/A       4%          4
f - Dispel Undead         Necr           46%        3d18      1%          4
g - Borgnjor's Vile Clut  Necr/Erth      15%        N/A       24%         5

Your spell library contained the following spells:

 Spells                   Type           Power      Damage    Failure   Level
 Beastly Appendage        Tmut           14%        N/A       11%         1
 Magic Dart               Conj           28%        1d4       11%         1
 Summon Small Mammal      Summ           28%        N/A       11%         1
 Call Imp                 Summ           7%         N/A       16%         2
 Wereblood                Tmut           7%         N/A       16%         2
 Agony                    Necr           46%        N/A       4%          5
 Summon Guardian Golem    Hex/Summ       17%        N/A       11%         3
 Corpse Rot               Necr/Pois/Air  20%        N/A       26%         4
 Death Channel            Necr           23%        N/A       28%         6
 Call Canine Familiar     Summ           7%         N/A       30%         3
 Gell's Gravitas          Tloc           7%         N/A       30%         3
 Ignite Poison            Fire/Tmut/Pois 7%         N/A       30%         3
 Lesser Beckoning         Tloc           7%         N/A       30%         3
 Mephitic Cloud           Conj/Pois/Air  7%         N/A       30%         3
 Spider Form              Tmut/Pois      7%         N/A       30%         3
 Teleport Other           Tloc           7%         N/A       30%         3
 Simulacrum               Ice/Necr       13%        N/A       91%         6
 Freezing Cloud           Conj/Ice/Air   3%         6-21      96%         5


Dungeon Overview and Level Annotations

Branches:
Dungeon (11/15)            Temple (1/1) D:5            Lair (0/5) D:11
    Orc (0/2) D:9

Altars:
Ashenzari
Cheibriados
Dithmenos
Fedhas
Gozag
Hepliaklqana
Kikubaaqudgha
Makhleb
Nemelex Xobeh
Okawaru
Qazlal
Ru
Sif Muna
Trog
Uskayaw
Vehumet
Wu Jian
Xom
Yredelemnul

Shops:
D:3 !   D:4 :


Innate Abilities, Weirdness & Mutations

When hurt, damage is shared between your health and your magic reserves.
You regenerate magic rapidly.
Your movements are slightly less encumbered by armour. (ER -2)
You have a small tail.


Message History

Confirm with . or Enter, or press ? or * to list all spells.
Aiming: Vampiric Draining (safe; 1% risk of failure)
Press: ? - help, Shift-Dir - straight line, f - orc
Aim: an orc, wielding a +0 dagger You draw life force from the orc!
You kill the orc!
Kikubaaqudgha accepts your kill.
You feel life coursing into your body.
Casting: Vampiric Draining (safe; 1% risk of failure)
Confirm with . or Enter, or press ? or * to list all spells.
Aiming: Vampiric Draining (safe; 1% risk of failure)
Press: ? - help, Shift-Dir - straight line, f - orc wizard
Aim: an orc wizard, wielding a +0 dagger and wearing a +0 robe You draw life force from the orc wizard!
You kill the orc wizard!
Kikubaaqudgha accepts your kill.
You feel life coursing into your body! The acid dragon spits acid at you.
The splash of acid hits you! You resist.
The acid dragon is wracked by anguish!
The acid dragon dies!
Kikubaaqudgha accepts your kill.
Unknown command.
The death yak attacks as you move away! The death yak gores you!
* * * LOW HITPOINT WARNING * * *
Blink to where?
Press: ? - help, Dir - move target
As you read the scroll of blinking, it crumbles to dust.
The death yak bellows!
As you read the scroll of teleportation, it crumbles to dust.
You feel strangely unstable.
Your surroundings suddenly seem different.
The death yak is no longer haunted by guilt.
The death yak barely misses you. The death yak gores you!
* * * LOW HITPOINT WARNING * * *
The death yak attacks as you move away! The death yak gores you!
* * * LOW HITPOINT WARNING * * *
The death yak attacks as you move away! The death yak gores you.
You die...
Kikubaaqudgha rasps: "You have failed me!
Welcome... death!"

#.##. #.# #.# ###....######.###
#.# ................########.#
....[....O.........##....#######
.......?#####.....#.............
..#....?...†.[...###..##########
........#####.....#.#.#
..>.....#####.YYY#.##.#
........).....#@##.##.#
..##....#######.##.##.#
........# #.##.##.# ....#...#
#.##.##.# ....##..# .#.#.##.#
... ...# # ##.# ## $. ###.. ..#
#. ## ######. #.####......


You could see 3 death yaks.

Vanquished Creatures
  A two-headed ogre (D:9)
  2 death yaks (D:11)
  Sigmund (D:3)
  A yak (D:11)
  A wyvern (D:8)
  2 wraiths (D:11)
  2 steam dragons
  Edmund (D:6)
  5 acid dragons
  2 water moccasins
  An ice beast (D:5)
  2 sky beasts
  2 hornet zombies (D:7)
  2 orc warriors
  A black bear (D:5)
  3 ogres
  5 centaurs
  A phantom (Temple)
  A kobold brigand (D:6)
  2 bullfrogs
  A necrophage (D:6)
  A gnoll sergeant (D:9)
  4 wyvern zombies (D:7)
  7 scorpions
  39 wights
  A water moccasin zombie (D:7)
  6 killer bees
  3 electric eels (D:10)
  5 howler monkeys
  A bullfrog zombie (D:7)
  2 centaur zombies (D:7)
  4 orc priests
  2 jellies
  3 iguanas
  15 orc wizards
  3 killer bee zombies (D:7)
  2 howler monkey zombies (D:7)
  8 adders
  5 gnolls
  A dart slug (D:4)
  42 orcs
  5 ball pythons
  A bat (D:2)
  3 endoplasms
  A giant cockroach (D:1)
  7 hobgoblins
  5 quokkas
  5 goblins
  13 kobolds
  3 rats
236 creatures vanquished.

Vanquished Creatures (collateral kills)
  A yak (D:11)
  A bullfrog (D:8)
  A gnoll bouda (D:8)
  2 orc wizards
  2 gnolls
  An orc (D:4)
8 creatures vanquished.

Vanquished Creatures (others)
  2 two-headed ogres
  An unseen horror (D:11)
  A troll (D:11)
  2 yaks (D:11)
  An acid dragon (D:11)
  An orc warrior (D:8)
  4 wights (D:7)
  A troll zombie (D:11)
  A bullfrog zombie (D:8)
  4 centaur zombies
  An orc priest (D:8)
  2 gnolls (D:8)
  An orc (D:8)
  2 gnoll zombies (D:9)
  8 orc zombies
  34 plants (D:4)
  9 withered plants (D:7)
75 creatures vanquished.

Grand Total: 319 creatures vanquished

Notes
Turn   | Place    | Note
-------+----------+-------------------------------------------
     0 | D:1      | mathmaestro the Demonspawn Necromancer began the quest for
                  | the Orb.
     0 | D:1      | Reached XP level 1. HP: 13/13 MP: 3/3
   444 | D:1      | Gained mutation: You regenerate magic rapidly. [demonic
                  | ancestry]
   444 | D:1      | Reached XP level 2. HP: 16/20 MP: 3/5
  1952 | D:3      | Reached skill level 1 in Fighting
  1983 | D:3      | Noticed Sigmund
  1995 | D:3      | Killed Sigmund
  1996 | D:3      | Reached skill level 5 in Necromancy
  1996 | D:3      | Reached XP level 3. HP: 13/28 MP: 3/7
  1996 | D:3      | Gained mutation: Your movements are slightly less
                  | encumbered by armour. (ER -2) [demonic ancestry]
  1996 | D:3      | Reached XP level 4. HP: 16/34 MP: 3/8
  1996 | D:3      | Reached XP level 5. HP: 19/39 MP: 3/9
  2000 | D:3      | Learned a level 3 spell: Vampiric Draining
  2005 | D:3      | Learned a level 4 spell: Animate Dead
  2171 | D:3      | Found Zojekus's Distillery.
  2187 | D:3      | Bought a potion of curing for 36 gold pieces
  2372 | D:3      | Found a faded altar of an unknown god.
  2406 | D:3      | Identified the +0 pair of boots of the Flute {Harm *Corrode
                  | rElec Regen+}
  2734 | D:4      | Found Ytylop's Book Emporium.
  2881 | D:4      | Gained mutation: When hurt, damage is shared between your
                  | health and your magic reserves. [demonic ancestry]
  2881 | D:4      | Reached XP level 6. HP: 20/46 MP: 6/10
  3239 | D:4      | Reached skill level 1 in Armour
  3659 | D:4      | Reached XP level 7. HP: 44/52 MP: 6/12
  3811 | D:5      | Entered Level 5 of the Dungeon
  3838 | D:5      | Identified the +12 quarterstaff of Askesosit {venom, rPois
                  | rF+ Dex-2}
  4147 | D:5      | Reached skill level 6 in Necromancy
  4218 | D:5      | Found a staircase to the Ecumenical Temple.
  4235 | Temple   | Entered the Ecumenical Temple
  4245 | Temple   | Reached skill level 1 in Evocations
  4525 | Temple   | Became a worshipper of Kikubaaqudgha
  5033 | D:6      | Gained mutation: You have a small tail. [demonic ancestry]
  5033 | D:6      | Reached XP level 8. HP: 37/60 MP: 10/14
  5743 | D:6      | Reached * piety under Kikubaaqudgha
  5743 | D:6      | Received a gift from Kikubaaqudgha
  5751 | D:6      | Learned a level 2 spell: Sublimation of Blood
  5756 | D:6      | Learned a level 4 spell: Anguish
  5823 | D:6      | Reached skill level 7 in Necromancy
  6360 | D:6      | Reached skill level 1 in Hexes
  6456 | D:6      | Noticed Edmund
  6465 | D:6      | Killed Edmund
  6466 | D:6      | Reached XP level 9. HP: 50/67 MP: 13/16
  6694 | D:6      | Reached skill level 5 in Spellcasting
  7058 | D:6      | Reached skill level 5 in Fighting
  7111 | D:6      | Identified the +8 dagger of Yqimeser {freeze, Stlth+}
  8028 | D:7      | Reached ** piety under Kikubaaqudgha
  8300 | D:7      | Reached skill level 5 in Shields
  8703 | D:6      | Reached skill level 8 in Necromancy
  8703 | D:6      | Reached XP level 10. HP: 59/76 MP: 4/18
  9355 | D:7      | Identified the +0 robe "Tialuq" {Dex+5}
  9720 | D:7      | Reached skill level 5 in Evocations
 10153 | D:7      | Found a radiant altar of Vehumet.
 10349 | D:7      | Reached skill level 5 in Armour
 10505 | D:7      | Reached *** piety under Kikubaaqudgha
 10505 | D:7      | Received a gift from Kikubaaqudgha
 10513 | D:7      | Learned a level 4 spell: Dispel Undead
 10645 | D:7      | Found a sacrificial altar of Ru.
 11297 | D:8      | Noticed a two-headed ogre
 11306 | D:8      | Killed a two-headed ogre
 11592 | D:8      | Identified the +7 falchion of Qathim {vorpal, rN+++ Will-
                  | Str-5 Int+5}
 11638 | D:8      | Found a snail-covered altar of Cheibriados.
 12059 | D:9      | Reached skill level 5 in Hexes
 12334 | D:9      | Noticed a two-headed ogre
 12342 | D:9      | Killed a two-headed ogre
 12343 | D:9      | Reached skill level 9 in Necromancy
 12488 | D:9      | Reached XP level 11. HP: 80/83 MP: 11/21
 12945 | D:9      | Found a staircase to the Orcish Mines.
 13135 | D:9      | Learned a level 5 spell: Borgnjor's Vile Clutch
 13332 | D:10     | Entered Level 10 of the Dungeon
 14482 | D:11     | Reached skill level 1 in Earth Magic
 14937 | D:11     | Noticed a two-headed ogre
 14943 | D:11     | Killed a two-headed ogre
 15141 | D:11     | Noticed a death yak
 15143 | D:11     | Found a staircase to the Lair.
 15144 | D:11     | Noticed a death yak
 15144 | D:11     | Noticed a death yak
 15144 | D:11     | Noticed a two-headed ogre
 15145 | D:11     | Noticed a death yak
 15146 | D:11     | Noticed a death yak
 15162 | D:11     | Killed a death yak
 15162 | D:11     | Reached **** piety under Kikubaaqudgha
 15162 | D:11     | Killed a death yak
 15177 | D:11     | HP: 1/86 [death yak (9)]
 15177 | D:11     | Slain by a death yak

Illustrated notes

Levels and vault maps discovered:
D:1:      amcnicky_arrival_underground_garden, layout_loops_ring
D:2:      layout_loops_cross
D:3:      minmay_spotlight, layout_basic,
          shapermc_ecumenical_altar_starsandcircs, serial_shops, shop,
          uniq_sigmund
D:4:      layout_basic, serial_shops, shop, serial_bayou_lagoon_a,
          grunt_ministairs_1, minmay_misc_feat_tiny
D:5:      layout_loops_ring, temple_pool_b
D:6:      cheibrodos_thug_alley, layout_layer_cave, serial_rivers,
          chequers_serial_rivers_marsh, chequers_serial_rivers_micro_e,
          chequers_serial_rivers_room_b, chequers_serial_rivers_small_b,
          chequers_serial_rivers_micro_a, amcnicky_mini_rare_corridor_liquid,
          minmay_misc_feat_diagonals, st_stairs_4, uniq_edmund
D:7:      layout_basic, nicolae_ru_the_path_less_chosen, vehumet_altar_wand_db,
          serial_undead, serial_undead_b, serial_undead_b, serial_undead_c,
          serial_undead_b, serial_undead_e, serial_undead_d, serial_undead_a
D:8:      layout_rooms, mainiacjoe_overflow_catwalk, cheibriados_altar_1
D:9:      layout_basic, lemuel_crystal_altar, orc_0_dummy
D:10:     layout_layer_cave, kennysheep_boxes
D:11:     layout_loops_ring, dpeg_lair_monsters, minmay_fountain_box
Temple:   minmay_crystal_spiral_temple

Skill      XL: |  1  2  3  4  5  6  7  8  9 10 11 |
---------------+----------------------------------+-----
Stealth        | 2 3 |  3.3
Dodging        | 2 3 |  3.0
Fighting       | 2 3 4 5 7 |  7.8
Shields        | 2 3 4 5 |  5.0
Spellcasting   | 3 4 5 6 7 |  7.5
Necromancy     | 5 6 7 8 9 |  9.8
Armour         | 1 2 3 4 5 6 |  6.1
Evocations     | 1 3 4 5 |  5.6
Hexes          | 1 3 5 |  5.0
Earth Magic    | 2 |  2.3

Action                   |  1- 3 |  4- 6 |  7- 9 | 10-12 || total
-------------------------+-------+-------+-------+-------++-------
Melee: Dagger            |    39 |    19 |     2 |       ||    60
       Whip              |     1 |       |       |       ||     1
       Quarterstaff      |       |       |   280 |   199 ||   479
       Tailslap          |       |       |    31 |    25 ||    56
 Cast: Necrotise         |    31 |    62 |    10 |     2 ||   105
       Vampiric Draining |       |     1 |     7 |    28 ||    36
       Animate Dead      |       |       |     1 |     4 ||     5
       Anguish           |       |       |     2 |    19 ||    21
       Dispel Undead     |       |       |       |    15 ||    15
       Borgnjor's Vile C |       |       |       |     2 ||     2
  Use: Potion            |       |     1 |     1 |     1 ||     3
       Scroll            |       |       |     9 |     5 ||    14
 Stab: Sleeping          |     2 |       |     3 |     1 ||     6
       Distracted        |       |       |       |     3 ||     3
Armor: Robe              |     6 |       |       |       ||     6
       Leather armour    |       |    11 |    82 |    74 ||   167
       Acid dragon scale |       |       |       |    52 ||    52
Dodge: Dodged            |    23 |    18 |   175 |   217 ||   433
Block: Buckler           |     5 |     7 |     1 |       ||    13

Table legend: (Time is in decaauts)
 A = Elapsed time spent in this place.
 B = Non-inter-level travel time spent in this place.
 C = Inter-level travel time spent in this place.
 D = Time resting spent in this place.
 E = Time spent auto-exploring this place.
 F = Levels seen in this place.
 G = Mean time per level.
                   A        B        C        D        E       F      G
               +--------+--------+--------+--------+--------+-----+--------+
         Total |  15331 |  14731 |    600 |   4902 |   7488 |  12 | 1277.6 |
       Dungeon |  14990 |  14481 |    509 |   4902 |   7265 |  11 | 1362.7 |
        Temple |    341 |    250 |     91 |      0 |    223 |   1 |  341.0 |
               +--------+--------+--------+--------+--------+-----+--------+

Top non-repeatable levels by time:
     D:6: 2951 daAuts
     D:7: 2944 daAuts
     D:9: 1402 daAuts
     D:8: 1180 daAuts
     D:3: 1156 daAuts
     D:4: 1113 daAuts
    D:10: 1067 daAuts
     D:5: 873 daAuts
     D:2: 786 daAuts
     D:1: 771 daAuts
    D:11: 742 daAuts
  Temple: 341 daAuts
